 Dungeon Crawl Stone Soup version 0.25-a0-617-g20d90ebb82 (webtiles) character file.

Game seed: 15170879947808194795, levelgen mode: deterministic

119852 IcyS the Frost Mage (level 16, -1/84 HPs)
             Began as a Vine Stalker Ice Elementalist on Mar 17, 2020.
             Was the Champion of Ashenzari.
             Killed by divine providence
             ... invoked by an orc priest
             ... led by Saint Roka
              (10 damage)
             ... on level 2 of the Snake Pit on Mar 18, 2020.
             The game lasted 02:41:00 (34538 turns).

IcyS the Frost Mage (VSIE)                         Turns: 34538, Time: 02:41:00

Health: -1/84      AC: 18    Str: 15    XL:     16   Next: 80%
Magic:  0/40       EV: 18    Int: 20    God:    Ashenzari [******]
Gold:   2522       SH:  8    Dex: 14    Spells: 3/36 levels left

rFire    + . .     SeeInvis +   s - +5 spear (elec) (curse)
rCold    + + +     Gourm    +   Q - +2 buckler {rC+} (curse)
rNeg     . . .     Faith    .   H - +0 swamp dragon scales (curse)
rPois    +         Spirit   +   R - +1 helmet of Listlessness {rC+++ Str+3 Dex-2 Slay+3} (curse)
rElec    .         Reflect  .   (no cloak)
rCorr    .         Harm     .   r - +2 pair of gloves (curse)
MR       ++...     Clarity  +   G - +2 pair of boots (curse)
Stlth    +.........             F - amulet of the gourmand
HPRegen  1.04/turn              d - ring of protection from fire
MPRegen  0.27/turn              v - ring of magical power

@: no status effects
A: fangs 3, regeneration 2, magic shield, antimagic bite, no potion heal 3, rot
immunity
a: Curse Item, Scrying, Transfer Knowledge, Renounce Religion


You were on level 2 of the Snake Pit.
You worshipped Ashenzari.
Ashenzari was exalted by your worship.
You were full.

You visited 5 branches of the dungeon, and saw 26 of its levels.
You also visited: Ossuary.

You collected 2694 gold pieces.
You spent 172 gold pieces at shops.

Inventory:

Hand Weapons
 s - a cursed +5 spear of electrocution (weapon)
Missiles
 p - 102 poisoned darts (quivered)
 T - a throwing net
Armour
 r - a cursed +2 pair of gloves (worn)
 y - the +0 ring mail of Failure {rC++ MR+ Str+3 Stlth+}
   (You found it on level 4 of the Dungeon)

   It affects your strength (+3).
   It greatly protects you from cold.
   It affects your resistance to hostile enchantments.
   It makes you more stealthy.
 G - a cursed +2 pair of boots (worn)
 H - cursed +0 swamp dragon scales (worn)
 Q - a cursed +2 buckler of cold resistance (worn)
 R - the cursed +1 helmet of Listlessness (worn) {rC+++ Str+3 Dex-2 Slay+3}
   (You found it on level 4 of the Lair of Beasts)

   It affects your strength (+3).
   It affects your dexterity (-2).
   It affects your accuracy and damage with ranged weapons and melee attacks
   (+3).
   It renders you almost immune to cold.
   It has a curse placed upon it.
Magical Staves
 U - an uncursed staff of conjuration
Jewellery
 d - a ring of protection from fire (left hand)
 f - an uncursed ring of resist corrosion
 k - an uncursed ring of fire
 l - an uncursed ring of protection from magic
 n - the macabre finger necklace {rN+}
   (You found it on level 4 of the Lair of Beasts)

   [amulet of nothing]

   It protects you from negative energy.
 v - a ring of magical power (right hand)
 F - an amulet of the gourmand (around neck)
Wands
 m - a wand of polymorph (17)
 u - a wand of flame (29)
 C - a wand of clouds (2)
 O - a wand of iceblast (26)
 W - a wand of acid (14)
 Y - a wand of random effects (87)
Scrolls
 a - a scroll of holy word
 h - a scroll of enchant weapon
 i - 4 scrolls of magic mapping
 o - 3 scrolls of blinking
 B - 22 scrolls of identify
 I - a scroll of fog
 J - a scroll of amnesia
 L - a scroll of acquirement {unknown}
 M - 10 scrolls of teleportation
 P - a scroll of summoning
 X - 2 scrolls of fear
Potions
 b - a potion of brilliance
 e - 9 potions of curing
 g - a potion of berserk rage
 q - 2 potions of resistance
 t - 2 potions of stabbing
 w - 2 potions of cancellation
 x - 4 potions of lignification
 z - a potion of might
 A - a potion of flight
 D - 4 potions of magic
 E - 3 potions of ambrosia
 K - 3 potions of haste
Miscellaneous
 j - a phantom mirror
 S - a lamp of fire
Comestibles
 c - 42 rations


   Skills:
 + Level 9.5 Fighting
 - Level 8.0(12.4) Polearms
 - Level 4.1(7.0) Armour
 - Level 10.2(13.0) Dodging
 - Level 2.4 Stealth
 - Level 4.0(6.8) Shields
 + Level 10.5 Spellcasting
 + Level 10.4 Conjurations
 - Level 5.0 Summonings
 - Level 8.0 Translocations
 * Level 7.4 Fire Magic
 - Level 13.0 Ice Magic
 - Level 6.0 Air Magic


You had 3 spell levels left.
You knew the following spells:

 Your Spells              Type           Power        Failure   Level  Hunger
a - Freeze                Ice            ####         1%          1    None
b - Frozen Ramparts       Ice            ######       1%          3    None
c - Hailstorm             Conj/Ice       ######..     1%          4    ##.....
d - Summon Ice Beast      Ice/Summ       #####...     3%          4    ##.....
e - Passage of Golubria   Tloc           N/A          4%          4    ##.....
f - Blink                 Tloc           N/A          1%          2    None
g - Freezing Cloud        Conj/Ice/Air   #####.....   32%         6    ######.
h - Sticky Flame          Conj/Fire      #####...     3%          4    ##.....
i - Fireball              Conj/Fire      #####.....   9%          5    ####...

Your spell library contained the following spells:

 Spells                   Type           Power        Failure   Level  Hunger
 Apportation              Tloc           #####.       1%          1    None
 Foxfire                  Conj/Fire      ####         1%          1    None
 Summon Small Mammal      Summ           ####         1%          1    None
 Conjure Flame            Conj/Fire      #####...     1%          3    None
 Gell's Gravitas          Tloc           #####.....   1%          3    None
 Lesser Beckoning         Tloc           #####.....   1%          3    None
 Teleport Other           Tloc           #####...     1%          3    None
 Ozocubu's Armour         Chrm/Ice       #####...     2%          3    None
 Shroud of Golubria       Chrm/Tloc      ####..       3%          2    None
 Mephitic Cloud           Conj/Pois/Air  ####....     3%          3    None
 Poisonous Vapours        Pois/Air       ###...       5%          2    None
 Inner Flame              Hex/Fire       ####....     8%          3    None
 Animate Skeleton         Necr           N/A          12%         1    None
 Corona                   Hex            ##.....      12%         1    None
 Sting                    Tmut/Pois      ##..         12%         1    None
 Ignite Poison            Fire/Tmut/Pois ###.....     13%         3    None
 Olgreb's Toxic Radiance  Pois           ##......     75%         4    ##.....
 Ring of Flames           Chrm/Fire      ####......   100%        7    #######


Dungeon Overview and Level Annotations

Branches:
Dungeon (15/15)            Temple (0/1) D:5            Lair (6/6) D:9
  Swamp (1/4) Lair:2        Snake (2/4) Lair:3        Slime (0/5) Lair:6
    Orc (2/2) D:10            Elf (0/3) Orc:2        Vaults (0/5) D:14
 Depths (0/5) D:15        Ossuary (visited)

Altars:
Ashenzari
Cheibriados
Dithmenos
Elyvilon
Fedhas
Nemelex Xobeh
Okawaru
Uskayaw
Vehumet
Wu Jian
Xom
Yredelemnul
Zin
The Shining One
Beogh

Shops:
D:2 *   D:8 }   Orc:2 :([*   Snake:2 *

Annotations:
D:7 exclusion: downstairs
Lair:3 1 runed translucent door, Liwid's ghost, journeyman OgCK
Lair:4 exclusion: 5 oklob plants, Ceoqa's ghost, journeyman OgWz
Snake:2 Saint Roka


Innate Abilities, Weirdness & Mutations

You have razor-sharp teeth.
You heal very quickly.
When hurt, damage is shared between your health and your magic reserves.
Your bite disrupts and absorbs the magic of your enemies.
Potions cannot restore your health.
You are immune to rotting.


Message History

Saint Roka roars a battlecry!
The orc warrior goes into a battle-frenzy!
Saint Roka invokes the aid of Beogh against you.
Beogh smites you!
* * * LOW HITPOINT WARNING * * *
The orc no longer looks unusually strong.
Saint Roka mumbles some strange prayers to Beogh against you.
Beogh smites you!
* * * LOW HITPOINT WARNING * * *
Saint Roka mumbles some strange prayers to Beogh against you.
Beogh smites you!
* * * LOW HITPOINT WARNING * * *
The orc warrior no longer looks unusually strong.
An orc comes into view.
It is wielding a +1 vorpal hand axe and quivering 4 silver boomerangs.
Saint Roka calls down the wrath of Beogh upon you.
Beogh smites you!
* * * LOW HITPOINT WARNING * * *
The orc priest invokes the aid of Beogh against you.
Beogh smites you!
You die...

#o##### * ** , #.....# *
,,, #.oo.(# ,* * #..o..#
*, ,* #.....# * * *,
#....o# ####+#### * *
#.....# #.......#
#.^..o####.......# *.#
#.#'#.@..'.......# #.#
#.#.#.####.......# #.#
#.#.#.# #.......###.#
#.#.#.# #.....∩.'...##
#.#.#.# #)......#.....
#...#.# #.......'.....
########.####.......#)....
#........##...............
#.#########.######...#.#..


You could see Saint Roka, 2 orc warriors, an orc priest and an orc.

Vanquished Creatures
  Jorgrun (D:15)
  Kirke (D:12)
  3 orc warlords
  The ghost of Jayditzi the Peltast, a journeyman GrFi of Qazlal (Lair:4)
  The ghost of Jayditzi the Peltast, a journeyman GrFi of Qazlal (Lair:4)
  Snorg (Orc:2)
  The ghost of Funingics the Destroyer, a journeyman OpWz of Vehumet (Lair:4)
  Josephine (D:15)
  2 fire dragons
  3 rakshasas (D:15)
  3 vault guards (D:14)
  5 naga warriors
  4 hydras
  The ghost of Ojiguost the Grappler, a journeyman VSTm of Kikubaaqudgha (Lair:4)
  Erica (D:9)
  A death knight (D:14)
  3 two-headed ogres
  3 catoblepae (Lair:6)
  2 anacondas (Snake:1)
  A two-headed ogre (shapeshifter) (D:15)
  16 death yaks
  A tengu warrior (D:14)
  3 centaur warriors
  2 alligators (Lair:2)
  2 naga sharpshooters
  Urug (Lair:3)
  3 shock serpents
  Sonja (Orc:1)
  2 orc high priests
  Nergalle (D:11)
  A skeletal warrior (D:14)
  A glowing orange brain (D:15)
  2 naga ritualists
  2 unseen horrors
  A phantasmal warrior (D:14)
  A sea snake (Snake:2)
  A harpy (shapeshifter) (D:15)
  6 orc knights
  2 wizards (D:14)
  2 ugly things
  4 salamanders
  2 manticores (Lair:6)
  5 oklob plants
  7 orc sorcerers
  2 cyclopes (D:13)
  5 mana vipers
  3 centaur zombies
  5 naga magi
  7 black mambas
  2 guardian serpents
  12 spiny frogs
  2 kobold demonologists (D:15)
  3 gargoyles
  A rime drake (Lair:6)
  A yaktaur (D:14)
  A freezing wraith (D:14)
  3 komodo dragons
  A queen bee (D:11)
  2 tengu conjurers
  A hornet (D:13)
  9 trolls
  A tyrant leech (Lair:2)
  A polar bear (Lair:2)
  12 slime creatures
  11 blink frogs
  9 hippogriffs
  5 wraiths
  3 wyverns
  A shadow (D:14)
  4 basilisks
  34 yaks
  5 hogs (D:12)
  19 humans (D:14)
  4 wargs
  Menkaure (D:4)
  Edmund (D:5)
  5 nagas
  A soldier ant (D:13)
  14 water moccasins
  An acid dragon (D:12)
  14 porcupines
  2 ice beasts (D:11)
  A sky beast (D:6)
  A swamp drake (Lair:2)
  40 orc warriors
  3 black bears
  An eye of draining (D:11)
  A necrophage (D:14)
  A phantom (D:14)
  11 ogres
  8 wolves (Lair:1)
  13 crocodiles
  11 centaurs
  4 big kobolds
  3 elf zombies (Ossuary)
  26 bullfrogs
  4 scorpions
  29 killer bees
  14 wights
  6 howler monkeys
  An electric eel (Snake:2)
  3 crimson imps
  A bullfrog zombie (D:9)
  7 hounds
  9 human zombies
  10 orc priests
  2 quasits
  2 bullfrog skeletons
  A gnoll shaman (D:9)
  2 jellies
  3 centaur skeletons
  A human skeleton (D:14)
  26 orc wizards
  2 hell rats (Lair:2)
  7 worker ants
  A killer bee zombie (D:6)
  A hound zombie (Ossuary)
  4 hound skeletons
  4 mummies (Ossuary)
  13 adders
  7 gnolls
  8 river rats (Lair:2)
  2 shadow imps
  An ooze (D:2)
  2 adder zombies
  4 adder skeletons
  2 worms
  2 dart slugs
  2 leopard geckos
  80 orcs
  9 bats
  10 giant cockroaches
  6 goblins
  14 hobgoblins
  28 jackals
  20 kobolds
  6 quokkas
  4 frilled lizards
  A goblin zombie (Ossuary)
  A jackal skeleton (D:6)
  2 kobold zombies (Ossuary)
  2 orc zombies (Ossuary)
  A quokka zombie (D:7)
  10 rats
  A rat zombie (Ossuary)
  7 fungi
  4 plants
829 creatures vanquished.

Vanquished Creatures (collateral kills)
  A steam dragon (D:13)
  An orc warrior (Snake:2)
  An eye of draining (D:13)
  An ogre (Snake:2)
4 creatures vanquished.

Vanquished Creatures (others)
  36 fungi
  16 plants
  2 withered plants (Lair:3)
54 creatures vanquished.

Grand Total: 887 creatures vanquished

Notes
Turn   | Place    | Note
-------+----------+-------------------------------------------
     0 | D:1      | IcyS the Vine Stalker Ice Elementalist began the quest for
                  | the Orb.
     0 | D:1      | Reached XP level 1. HP: 9/9 MP: 4/4
   198 | D:1      | Reached XP level 2. HP: 5/13 MP: 3/6
   838 | D:1      | Reached XP level 3. HP: 13/16 MP: 1/7
  1127 | D:1      | Reached skill level 5 in Ice Magic
  1145 | D:1      | Learned a level 3 spell: Frozen Ramparts
  1554 | D:2      | Found Zin's Purification Station.
  1568 | D:2      | Found a glowing silver altar of Zin.
  1765 | D:2      | Found a faded altar of an unknown god.
  1773 | D:2      | Became a worshipper of Ashenzari the Shackled
  1773 | D:2      | Reached * piety under Ashenzari
  1954 | D:2      | Gained mutation: Your natural rate of healing is unusually
                  | fast. [Vine Stalker growth]
  1954 | D:2      | Reached XP level 4. HP: 21/21 MP: 4/8
  2577 | D:2      | Found a radiant altar of Vehumet.
  2804 | D:3      | Found a snail-covered altar of Cheibriados.
  2964 | D:3      | Reached skill level 1 in Fighting
  2974 | D:3      | Found a white marble altar of Elyvilon.
  3610 | D:4      | Reached XP level 5. HP: 23/25 MP: 4/10
  3706 | D:4      | Noticed Menkaure
  4013 | D:4      | Reached XP level 6. HP: 16/30 MP: 2/11
  4015 | D:4      | Reached skill level 6 in Ice Magic
  4284 | D:4      | Learned a level 4 spell: Hailstorm
  4289 | D:4      | Learned a level 4 spell: Summon Ice Beast
  4333 | D:4      | Found a shimmering altar of Xom.
  4337 | D:4      | Got the uncursed ring mail of Failure {rC++ MR+ Str+3
                  | Stlth+}
  4348 | D:4      | Identified the +0 ring mail of Failure {rC++ MR+ Str+3
                  | Stlth+} (You found it on level 4 of the Dungeon)
  4460 | D:4      | Killed Menkaure
  4460 | D:4      | Reached XP level 7. HP: 6/35 MP: 1/13
  4773 | D:4      | Reached ** piety under Ashenzari
  5227 | D:5      | Entered Level 5 of the Dungeon
  5292 | D:5      | Noticed Edmund
  5308 | D:5      | Killed Edmund
  5448 | D:5      | Found a sparkling altar of Nemelex Xobeh.
  5858 | D:5      | Found a staircase to the Ecumenical Temple.
  6001 | D:5      | Found a shattered altar of Ashenzari.
  6192 | D:6      | Gained mutation: You have razor-sharp teeth. [Vine Stalker
                  | growth]
  6192 | D:6      | Reached XP level 8. HP: 41/41 MP: 9/16
  6335 | D:6      | Reached skill level 7 in Ice Magic
  6361 | D:6      | Reached skill level 5 in Spellcasting
  6495 | D:6      | Identified the +1 chain mail "Taocs" {Regen+ Str+4}
  6652 | D:6      | Found an ornate altar of the Wu Jian Council.
  6756 | D:6      | Found a glowing golden altar of the Shining One.
  6842 | D:7      | Found a sand-covered staircase.
  6900 | Ossuary  | Entered an ossuary
  6909 | Ossuary  | Reached *** piety under Ashenzari
  6936 | Ossuary  | Reached XP level 9. HP: 38/46 MP: 4/17
  6965 | Ossuary  | Reached skill level 5 in Fighting
  6999 | Ossuary  | Reached skill level 8 in Ice Magic
  7223 | D:7      | Reached skill level 5 in Dodging
  8332 | D:8      | Found a shadowy altar of Dithmenos.
  8346 | D:8      | Reached skill level 9 in Ice Magic
  8436 | D:8      | Found Ychuamen's Gadget Shoppe.
  8628 | D:8      | Found a blossoming altar of Fedhas.
  8880 | D:9      | Reached XP level 10. HP: 45/51 MP: 13/18
  8886 | D:9      | Reached skill level 10 in Ice Magic
  9308 | D:9      | Reached skill level 1 in Conjurations
  9466 | D:9      | Found a staircase to the Lair.
  9967 | D:9      | Reached **** piety under Ashenzari
  9987 | D:9      | Noticed Erica
 10000 | D:9      | Killed Erica
 10111 | D:9      | Found an iron altar of Okawaru.
 10196 | D:10     | Entered Level 10 of the Dungeon
 10233 | D:10     | Found a staircase to the Orcish Mines.
 10907 | D:10     | Reached XP level 11. HP: 56/56 MP: 10/21
 10907 | D:10     | Reached skill level 5 in Conjurations
 11149 | D:10     | Noticed an unseen horror
 11167 | D:10     | Killed an unseen horror
 11263 | D:10     | Noticed a two-headed ogre
 11292 | D:10     | Killed a two-headed ogre
 12020 | D:11     | Noticed Nergalle
 12085 | D:11     | Killed Nergalle
 13330 | Lair:1   | Entered Level 1 of the Lair of Beasts
 13346 | Lair:1   | Gained mutation: You heal very quickly. [Vine Stalker
                  | growth]
 13346 | Lair:1   | Reached XP level 12. HP: 56/64 MP: 15/22
 13628 | Lair:1   | Reached skill level 1 in Summonings
 13738 | Lair:1   | Reached skill level 1 in Armour
 14052 | Lair:1   | Reached skill level 1 in Shields
 14227 | Lair:1   | Noticed a seven-headed hydra
 14256 | Lair:1   | Killed a seven-headed hydra
 14530 | Lair:2   | Found an iron altar of Okawaru.
 14531 | Lair:2   | Noticed a five-headed hydra
 14546 | Lair:2   | Killed a five-headed hydra
 14590 | Lair:2   | Reached ***** piety under Ashenzari
 14820 | Lair:2   | Found a staircase to the Swamp.
 16048 | Lair:3   | Found a staircase to the Snake Pit.
 16193 | Lair:3   | Reached XP level 13. HP: 69/69 MP: 24/24
 16424 | Lair:3   | Noticed Urug
 16792 | Lair:3   | Found a runed translucent door.
 16959 | Lair:3   | Killed Urug
 17143 | Lair:3   | Noticed Liwid's ghost (journeyman OgCK)
 17371 | Lair:4   | Found a radiant altar of Vehumet.
 17410 | Lair:4   | Found a runed translucent gate.
 17410 | Lair:4   | Found a runed translucent gate.
 17410 | Lair:4   | Found a runed translucent gate.
 17410 | Lair:4   | Noticed Funingics's ghost (journeyman OpWz)
 17410 | Lair:4   | Noticed Jayditzi's ghost (journeyman GrFi)
 17410 | Lair:4   | Noticed Ojiguost's ghost (journeyman VSTm)
 17411 | Lair:4   | Noticed Jayditzi's ghost (journeyman GrFi)
 17412 | Lair:4   | Noticed Ceoqa's ghost (journeyman OgWz)
 17413 | Lair:4   | Identified the +1 helmet of Listlessness {rC+++ Str+3 Dex-2
                  | Slay+3}
 17413 | Lair:4   | Found the macabre finger necklace {rN+}
 17413 | Lair:4   | Identified the ring "Nonteoh" {*Slow rPois rC+++ Int+2
                  | SInv}
 17416 | Lair:4   | Identified the ring of Ufimexel {Int+7 Stlth+}
 17416 | Lair:4   | Identified the ring of Qacaluda {Fire Int+4}
 17560 | Lair:4   | Reached skill level 1 in Polearms
 18696 | Lair:5   | Reached skill level 11 in Ice Magic
 19152 | Lair:5   | Reached skill level 5 in Summonings
 19773 | Lair:6   | Entered Level 6 of the Lair of Beasts
 20068 | Lair:6   | Reached XP level 14. HP: 70/75 MP: 6/27
 20315 | Lair:6   | Found a staircase to the Slime Pits.
 20430 | Lair:6   | Reached ****** piety under Ashenzari
 20452 | Lair:6   | Reached skill level 5 in Polearms
 21252 | Lair:6   | Learned a level 4 spell: Passage of Golubria
 21255 | Lair:6   | Learned a level 2 spell: Blink
 21962 | D:12     | Reached skill level 1 in Translocations
 21974 | D:12     | Noticed Kirke
 21987 | D:12     | Killed Kirke
 21987 | D:12     | Reached skill level 12 in Ice Magic
 23256 | D:13     | Learned a level 6 spell: Freezing Cloud
 23590 | D:13     | Reached skill level 1 in Air Magic
 24124 | Orc:1    | Entered Level 1 of the Orcish Mines
 24147 | Orc:1    | Noticed an orc warlord
 24452 | D:10     | Killed an orc warlord
 24827 | Orc:2    | Entered Level 2 of the Orcish Mines
 24830 | Orc:2    | Found a staircase to the Elven Halls.
 24844 | Orc:2    | Found Pael's Book Shop.
 24844 | Orc:2    | Noticed an orc warlord
 25402 | Orc:1    | Killed an orc warlord
 25940 | Orc:1    | Reached skill level 5 in Translocations
 26025 | Orc:1    | Reached XP level 15. HP: 79/79 MP: 5/28
 26284 | Orc:2    | Noticed an orc warlord
 26322 | Orc:2    | Killed an orc warlord
 26358 | Orc:2    | Found Alluc's Antique Weapon Boutique.
 26451 | Orc:2    | Found a roughly hewn altar of Beogh.
 26526 | Orc:2    | Found Nasm's Antique Armour Shoppe.
 26859 | Orc:2    | Bought a shiny helmet for 172 gold pieces
 26974 | Orc:2    | Found Duschefeu's General Store.
 27425 | Orc:1    | Noticed Snorg
 27513 | Orc:1    | Noticed Sonja
 27578 | Orc:1    | Killed Sonja
 27950 | Orc:2    | Killed Snorg
 29020 | D:14     | Learned a level 4 spell: Sticky Flame
 29076 | D:14     | Reached skill level 10 in Conjurations
 29111 | D:14     | Reached skill level 1 in Fire Magic
 29687 | D:14     | Found a basalt altar of Yredelemnul.
 30180 | D:14     | Found a gate to the Vaults.
 30418 | D:15     | Entered Level 15 of the Dungeon
 30496 | D:15     | Reached skill level 5 in Air Magic
 30499 | D:15     | Noticed Josephine
 30523 | D:15     | Killed Josephine
 30620 | D:15     | Reached XP level 16. HP: 69/84 MP: 8/30
 30933 | D:15     | Found a hide-covered altar of Uskayaw.
 30962 | D:15     | Reached skill level 5 in Fire Magic
 31162 | D:15     | Noticed Jorgrun
 31198 | D:15     | Killed Jorgrun
 31198 | D:15     | Reached skill level 10 in Spellcasting
 31397 | D:15     | Found a staircase to the Depths.
 31447 | D:15     | Upgraded the game from 0.25-a0-613-gf4b266557c to
                  | 0.25-a0-617-g20d90ebb82
 32125 | Lair:4   | Killed Funingics's ghost
 32217 | Lair:4   | Killed Ojiguost's ghost
 32274 | Lair:4   | Killed Jayditzi's ghost
 32284 | Lair:4   | Killed Jayditzi's ghost
 32477 | Swamp:1  | Entered Level 1 of the Swamp
 32658 | Lair:2   | Reached skill level 10 in Dodging
 32783 | Lair:2   | Learned a level 5 spell: Fireball
 32848 | Snake:1  | Entered Level 1 of the Snake Pit
 32872 | Snake:1  | Found the +2 Maxwell's thermic engine {flame, freeze}
 32896 | Snake:1  | Found a shattered altar of Ashenzari.
 34140 | Snake:2  | Found Hoin Vul's Assorted Antiques.
 34151 | Snake:2  | Reached skill level 13 in Ice Magic
 34491 | Snake:2  | Noticed Saint Roka
 34538 | Snake:2  | Killed from afar by an orc priest

Levels and vault maps discovered:
D:1:      minmay_arrival_arboretum_small, layout_basic
D:2:      layout_basic, lemuel_round_altar, zin_purify, first_ration,
          serial_glass, glass_columns_a, glass_columns_b,
          chequers_ecumenical_altar_simple, minmay_quadrilaterals
D:3:      layout_loops_ring, elyvilon_altar_1, cheibriados_altar_1
D:4:      layout_layer_cave, xom_teletrap_fun, uniq_menkaure
D:5:      layout_loops_ring, ashenzari_altar_1, nicolae_overflow_crystal_walls,
          temple_hall, uniq_edmund
D:6:      layout_cave_pools, kennysheep_mini_moat, tso_altar
D:7:      layout_basic, enter_ossuary_3
D:8:      layout_gridville, grunt_dithmenos_smoke,
          fedhas_bush_and_centaur_altar, serial_shops, shop
D:9:      layout_loops_corners, lemuel_doored_altar,
          due_lair_maze_entry_diamond, uniq_erica
D:10:     layout_basic, david_orc_3, minmay_crystal_room
D:11:     layout_loops_corners, david_nohive_1, kennysheep_potato, uniq_nergalle
D:12:     layout_stronghold, grunt_ministairs_11, uniq_kirke
D:13:     layout_roguey
D:14:     layout_gridville, grunt_vaults_entry_tiered,
          lemuel_mausoleum_altar_yredelemnul
D:15:     gammafunk_enter_depths_forms, layout_rooms, basic_altar, uniq_jorgrun,
          uniq_josephine
Lair:1:   layout_regular_city, lemuel_fruit_tree, minmay_lair_oklob_chamber
Lair:2:   layout_loops_ring, swamp_mist, basic_altar, kennysheep_rathole
Lair:3:   layout_cave_pods, minmay_snake_entry_spellcaster,
          gammafunk_ghost_grave, uniq_urug
Lair:4:   minmay_lair_oklob_tunnel, layout_gridlike, gammafunk_ghost_cemetery,
          basic_altar, dpeg_oklob_1
Lair:5:   layout_cave_pods, grunt_megastairs_4
Lair:6:   evilmike_catoblepas_cave, layout_misc_corridors,
          dpeg_slime_entry_corner, serial_bayou_shore_b
Swamp:1:  layout_basic_swamp, evilmike_swamp_ruin_rubble_1
Snake:1:  layout_misc_corridors, basic_altar
Snake:2:  layout_basic, serial_shops, shop, serial_bayou_shore_a,
          uniq_saint_roka
Orc:1:    layout_caves, uniq_sonja, uniq_snorg
Orc:2:    grunt_orc_gardens, layout_caves, grunt_orc_garden, grunt_orc_garden,
          grunt_orc_garden, grunt_orc_garden, special_room, basic_altar,
          nicolae_orc_tapped_out

Skill      XL: |  1  2  3  4  5  6  7  8  9 10 11 12 13 14 15 16 |
---------------+-------------------------------------------------+-----
Ice Magic      | 5 6 7 9 10 11 12 13 | 13.0
Fighting       | 1 2 3 4 5 6 7 8 9 |  9.5
Spellcasting   | 3 4 5 6 8 9 10 | 10.5
Dodging        | 2 3 4 6 7 9 10 | 10.2
Conjurations   | 4 8 9 10 | 10.4
Summonings     | 3 5 |  5.0
Armour         | 2 3 4 |  4.1
Shields        | 3 4 |  4.0
Polearms       | 4 8 |  8.0
Translocations | 5 8 |  8.0
Air Magic      | 2 5 6 |  6.0
Fire Magic     | 4 7 |  7.4
Stealth        | |  2.4

Action                   |  1- 3 |  4- 6 |  7- 9 | 10-12 | 13-15 | 16-18 || total
-------------------------+-------+-------+-------+-------+-------+-------++-------
Melee: Unarmed           |     5 |       |       |       |       |       ||     5
       Bite              |     4 |    16 |    35 |    48 |   183 |    80 ||   366
       Dagger            |     8 |    49 |    97 |   132 |    10 |       ||   296
       Lajatang          |       |       |       |     9 |       |       ||     9
       Spear             |       |       |       |       |   661 |   276 ||   937
Throw: Stone             |     7 |       |       |     4 |     1 |       ||    12
 Cast: Freeze            |    46 |     3 |    80 |   190 |   137 |     5 ||   461
       Frozen Ramparts   |    10 |    29 |    55 |   108 |   120 |    42 ||   364
       Hailstorm         |       |       |       |    51 |   194 |    73 ||   318
       Summon Ice Beast  |       |       |       |       |     6 |     1 ||     7
       Blink             |       |       |       |       |     1 |       ||     1
       Sticky Flame      |       |       |       |       |       |     4 ||     4
Invok: Curse Item        |       |     2 |     1 |     1 |     1 |     3 ||     8
Evoke: Wand              |       |       |       |       |     2 |       ||     2
  Use: Scroll            |       |     4 |    14 |       |     7 |     7 ||    32
 Stab: Sleeping          |     1 |     2 |     2 |     4 |    13 |       ||    22
       Distracted        |       |       |     2 |       |       |       ||     2
  Eat: Chunk             |     5 |     7 |    18 |    38 |    67 |    12 ||   147
       Ration            |       |     1 |       |     1 |       |       ||     2
Armor: Robe              |    11 |    11 |       |       |       |       ||    22
       Ring mail         |       |       |    59 |    85 |   154 |     5 ||   303
       Swamp dragon scal |       |       |       |       |       |    47 ||    47
Dodge: Dodged            |    31 |    27 |   124 |   239 |   421 |    86 ||   928
Block: Buckler           |       |       |       |    20 |   117 |    63 ||   200

Table legend:
 A = Non-vault XP
 B = Vault XP
 C = Vault XP percentage of total XP
 D = Non-vault monster count
 E = Vault monster count
 F = Vault count percentage of total count
                 A         B        C        D         E       F
            +---------+---------+-------+---------+---------+-------
      Total |  107760 |   63458 |  37.1 |     610 |     212 |  25.8
            +---------+---------+-------+---------+---------+-------
        D:1 |      50 |       0 |   0.0 |      29 |       0 |   0.0
        D:2 |      56 |       7 |  11.1 |      23 |       4 |  14.8
        D:3 |      18 |       0 |   0.0 |       9 |       0 |   0.0
        D:4 |     362 |     172 |  32.2 |      23 |       1 |   4.2
        D:5 |     243 |     166 |  40.6 |      13 |       1 |   7.1
        D:6 |     663 |       0 |   0.0 |      20 |       0 |   0.0
        D:7 |    1354 |       0 |   0.0 |      26 |       0 |   0.0
        D:8 |    1088 |     112 |   9.3 |      34 |       1 |   2.9
        D:9 |    1091 |    2003 |  64.7 |      18 |      10 |  35.7
       D:10 |    6233 |     271 |   4.2 |      50 |       6 |  10.7
       D:11 |    2864 |    2243 |  43.9 |      31 |      20 |  39.2
       D:12 |    4170 |    3288 |  44.1 |      33 |       8 |  19.5
       D:13 |    4782 |       0 |   0.0 |      17 |       0 |   0.0
       D:14 |   11381 |    9287 |  44.9 |      33 |      37 |  52.9
       D:15 |    5631 |   11424 |  67.0 |      20 |      14 |  41.2
     Lair:1 |    5378 |    1320 |  19.7 |      27 |       3 |  10.0
     Lair:2 |    7307 |     621 |   7.8 |      23 |      12 |  34.3
     Lair:3 |    4549 |     855 |  15.8 |      23 |       1 |   4.2
     Lair:4 |    6946 |    5837 |  45.7 |      15 |       7 |  31.8
     Lair:5 |    5490 |    1985 |  26.6 |      12 |       9 |  42.9
     Lair:6 |    4463 |   11500 |  72.0 |      14 |      23 |  62.2
    Snake:1 |   10472 |       0 |   0.0 |      17 |       0 |   0.0
    Snake:2 |   13637 |    1436 |   9.5 |      25 |      10 |  28.6
      Orc:1 |    1860 |    4867 |  72.4 |      26 |       9 |  25.7
      Orc:2 |    7672 |    5632 |  42.3 |      49 |      20 |  29.0
    Ossuary |       0 |     432 | 100.0 |       0 |      16 | 100.0
            +---------+---------+-------+---------+---------+-------
